 Dungeon Crawl Stone Soup version 0.28-a0-834-g1a73be5ee4 (webtiles) character file.

Game seed: 8266095890751496452

208 ders the Digger (level 5, -6/28 HPs)
             Began as a Gargoyle Earth Elementalist on Nov 12, 2021.
             Shot with an arrow by a centaur (11 damage)
             ... on level 4 of the Dungeon.
             The game lasted 00:08:41 (5200 turns).

ders the Digger (Gargoyle Earth Elementalist)       Turns: 5200, Time: 00:08:42

Health: -6/28      AC:  6    Str: 12    XL:     5   Next: 86%
Magic:  9/9        EV: 11    Int: 16    God:
Gold:   110        SH:  0    Dex: 10    Spells: 6/10 levels left

rFire   . . .      SeeInvis .   d - staff of poison
rCold   . . .      Faith    .   (no shield)
rNeg    + . .      Spirit   .   b - +0 robe
rPois   ∞          Reflect  .   (no helmet)
rElec   +          Harm     .   (no cloak)
rCorr   .          Rampage  .   (no gloves)
Will    .....                   (no boots)
Stlth   ++........              (no amulet)
HPRegen 0.09/turn               (no ring)
MPRegen 0.11/turn               (no ring)

@: no status effects
A: sickness immunity, AC +4, negative energy resistance 1, electricity
resistance, torment resistance 1, petrification resistance
a: no special abilities


You were on level 4 of the Dungeon.
You visited 1 branch of the dungeon, and saw 4 of its levels.

You collected 110 gold pieces.

Inventory:

Missiles
 k - 104 stones
Armour
 b - a +0 robe (worn)
Magical Staves
 d - a staff of poison (weapon)
Jewellery
 i - a +6 ring of dexterity
 w - a ring of ice
Wands
 q - a wand of acid (9)
 x - a wand of paralysis (12)
Scrolls
 a - 2 scrolls of amnesia
 c - a scroll of fog {unknown}
 e - a scroll of noise {unknown}
 g - a scroll of identify
 j - a scroll of magic mapping {unknown}
 n - a scroll of teleportation
 o - a scroll of blinking {unknown}
 p - a scroll of immolation {unknown}
 r - a scroll of fear {unknown}
 v - a scroll of enchant weapon {unknown}
Potions
 f - a potion of flight
 h - a potion of heal wounds {unknown}
 l - a potion of haste {unknown}
 m - 2 potions of curing
 s - a potion of resistance {unknown}
 t - a potion of ambrosia {unknown}
 u - a potion of berserk rage {unknown}


   Skills:
 + Level 0.8 Fighting
 + Level 0.6 Staves
 - Level 1.5 Dodging
 - Level 2.1 Stealth
 + Level 3.2 Spellcasting
 * Level 2.1 Conjurations
 + Level 0.7 Transmutations
 + Level 5.9 Earth Magic


You had 6 spell levels left.
You knew the following spells:

 Your Spells              Type           Power      Damage    Failure   Level
a - Sandblast             Erth           42%        2d11      1%          1
b - Stone Arrow           Conj/Erth      30%        3d8       11%         3

Your spell library contained the following spells:

 Spells                   Type           Power      Damage    Failure   Level
 Passwall                 Tmut/Erth      10%        N/A       7%          2
 Summon Small Mammal      Summ           8%         N/A       19%         1
 Petrify                  Tmut/Erth      13%        N/A       43%         4


Dungeon Overview and Level Annotations

Branches:
Dungeon (4/15)
 Temple: D:4-7

Altars:
Hepliaklqana
Qazlal
Zin

Shops:
D:2 :


Innate Abilities, Weirdness & Mutations

You are immune to sickness and miasma.
Your stone body is resilient. (AC +4)
You are immune to poison.
You resist negative energy. (rN+)
You are resistant to electric shocks. (rElec)
You are resistant to unholy torment.
You are immune to petrification.


Message History

Confirm with . or Enter, or press ? or * to list all spells.
You can't see any susceptible monsters within range! (Use Z to cast anyway.) Unknown command.
Casting: Stone Arrow (quite dangerous; 11% risk of failure)
Confirm with . or Enter, or press ? or * to list all spells.
You can't see any susceptible monsters within range! (Use Z to cast anyway.)
The endoplasm quivers.
Casting: Stone Arrow (quite dangerous; 11% risk of failure)
Confirm with . or Enter, or press ? or * to list all spells.
Aiming: Sandblast (safe; 1% risk of failure)
Press: ? - help, Shift-Dir - straight line, f - endoplasm
Aim: an endoplasm (98% to hit)
The blast of sand hits the endoplasm!
You kill the endoplasm!
Unknown command.
You start resting.
Magic restored.
You see here a +0 robe.
Found a shortbow.
There is an open door here.
There is an open door here.
You see here a +0 shortbow.
You now have 110 gold pieces (gained 7).
You see here a +0 shortbow.
You open the door.
There is an open door here.
There is an open door here.
There is an open door here.
A centaur comes into view.
The centaur moves out of view.
A centaur is nearby!
The centaur wields a +0 shortbow.
The centaur shoots an arrow.
The arrow hits you.
The centaur shoots an arrow.
The arrow closely misses you.
The centaur shoots an arrow.
The arrow closely misses you.
The centaur shoots an arrow.
The arrow hits you!
The centaur shoots an arrow.
The arrow hits you!
* * * LOW HITPOINT WARNING * * *
The centaur shoots an arrow.
The arrow hits you!
You die...

.# #####.#.##......#.#.....
.# #.....#^#.......'...####
.# ####.....#.#.......#...#
.#
#........#.#.#######...####
.#
#.......##>............[...
.#
#....##.##....######...####
.# #######.##....# #...# .#
#c##....# #...#### .#
#.##@#.## #..<.... .#
#.##.#.##### #..#.### .#
#.##.#.#...# #....#.. †#
#.##.#.#...###.####.# .#
#.##...'...'......... .#
#..c...#...###.###### .#
########...# #....... .#
#...# ######## .######
#...# ##


You could see a centaur.

Vanquished Creatures
  A jelly (D:4)
  Jessica (D:2)
  4 adders
  3 worms
  3 dart slugs
  4 orcs
  3 bats
  7 endoplasms
  5 giant cockroaches
  17 goblins
  5 hobgoblins
  7 kobolds
  6 quokkas
  9 ball pythons
  2 frilled lizards (D:3)
  7 rats
84 creatures vanquished.

Notes
Turn   | Place    | Note
-------+----------+-------------------------------------------
     0 | D:1      | ders the Gargoyle Earth Elementalist began the quest for
                  | the Orb.
     0 | D:1      | Reached XP level 1. HP: 10/10 MP: 3/3
   127 | D:1      | Reached skill level 4 in Earth Magic
   131 | D:1      | Reached XP level 2. HP: 4/15 MP: 0/5
   809 | D:1      | Found a faded altar of an unknown god.
   817 | D:1      | Got Plato's Disquisition on Summoning
   934 | D:1      | Reached XP level 3. HP: 20/20 MP: 3/6
  1524 | D:2      | Learned a level 3 spell: Stone Arrow
  1551 | D:2      | Found Ymaox's Book Shoppe.
  1843 | D:2      | Noticed Jessica
  1845 | D:2      | Killed Jessica
  1846 | D:2      | Reached skill level 5 in Earth Magic
  1846 | D:2      | Reached XP level 4. HP: 24/24 MP: 3/7
  2262 | D:2      | Reached skill level 1 in Conjurations
  3182 | D:3      | Reached XP level 5. HP: 28/28 MP: 4/9
  3275 | D:3      | Found a stormy altar of Qazlal.
  3740 | D:4      | Noticed a phantom
  4088 | D:4      | Found a hazy altar of Hepliaklqana.
  4777 | D:4      | Found a glowing silver altar of Zin.
  5184 | D:4      | Noticed a centaur
  5200 | D:4      | Shot with an arrow by a centaur

Illustrated notes

Levels and vault maps discovered:
D:1:      lordsloth_arrival_two_stooges, layout_basic,
          shapermc_ecumenical_altar_rom_forum
D:2:      minmay_skewed_foursquare, layout_loops_ring, serial_shops,
          nicolae_shop_behind_doors, minmay_misc_feat_rows, uniq_jessica
D:3:      kennysheep_the_goblin_king, layout_basic,
          mainiacjoe_overflow_small_starburst
D:4:      layout_basic, amcnicky_altar_gilded, zin_treasury

Skill      XL: |  1  2  3  4  5 |
---------------+----------------+-----
Earth Magic    | 4 5 |  5.9
Conjurations   | 1 2 |  2.1
Spellcasting   | 3 |  3.2
Fighting       | |  0.8
Staves         | |  0.6
Dodging        | |  1.5
Stealth        | |  2.1
Transmutations | |  0.7

Action                   |  1- 3 |  4- 6 || total
-------------------------+-------+-------++-------
Melee: Staff             |    17 |    24 ||    41
 Cast: Sandblast         |    37 |    83 ||   120
       Stone Arrow       |     2 |     4 ||     6
  Use: Scroll            |       |     3 ||     3
       Potion            |       |     2 ||     2
 Stab: Sleeping          |     1 |       ||     1
Armor: Robe              |    20 |    24 ||    44
Dodge: Dodged            |    35 |    37 ||    72

Table legend: (Time is in decaauts)
 A = Elapsed time spent in this place.
 B = Non-inter-level travel time spent in this place.
 C = Inter-level travel time spent in this place.
 D = Time resting spent in this place.
 E = Time spent auto-exploring this place.
 F = Levels seen in this place.
 G = Mean time per level.
                   A        B        C        D        E       F      G
               +--------+--------+--------+--------+--------+-----+--------+
         Total |   5208 |   5124 |     84 |   1753 |   2697 |   4 | 1302.0 |
       Dungeon |   5208 |   5124 |     84 |   1753 |   2697 |   4 | 1302.0 |
               +--------+--------+--------+--------+--------+-----+--------+

Top non-repeatable levels by time:
     D:2: 1482 daAuts
     D:1: 1456 daAuts
     D:4: 1249 daAuts
     D:3: 1020 daAuts
